Map: Lerilak Crest

Players

JonSnow

  • Race: Zerg Zerg
  • League: Grandmaster

EJK - Winner!

  • Race: Terran Terran
  • League: Grandmaster

VOD

Have the link to the VOD?

Description

Time

  • Played on: March 5, 2016, 7:41 p.m.
  • Length: 25:39
Show
View Real Time Build Order
Export as new Build Order

JonSnow Zerg 

Build Orders: Hatch First 

Get SALT Encoding   

  12  0:01  Drone  
  13  0:14  Overlord  
  13  0:17  Drone  
  14  0:33  Drone x2  
  16  0:37  Drone  
  17  0:58  Hatchery  
  17  1:00  Drone  
  17  1:09  Drone, Extractor  
  17  1:18  Drone, Spawning Pool  
  17  1:27  Overlord  
  17  1:50  Drone  
  17  1:51  Drone  
  19  2:05  Queen  
  19  2:07  Zergling x4  
  23  2:09  Queen  
  23  2:10  Zergling x2  
  23  2:12  Metabolic Boost  
  26  2:17  Drone  
  27  2:27  Drone x2  
  29  2:34  Drone  
  29  2:35  Drone  
  31  2:42  Drone  
  32  2:45  Queen  
  32  2:49  Overlord  
  34  2:52  Drone  
  35  3:06  Overlord x2  
  35  3:15  Zergling x2  
  35  3:16  Zergling x4  
  35  3:18  Hatchery, Zergling x4  
  39  3:21  Drone  
  39  3:24  Drone x2  
  42  3:28  Drone  
  42  3:30  Drone  
  42  3:32  Drone  
  45  3:45  Drone x2  
  45  3:47  Extractor  
  45  3:48  Extractor  
  45  3:49  Roach Warren  
  45  3:52  Drone x5  
  47  4:05  Drone x3  
  47  4:07  Drone  
  47  4:09  Roach Warren  
  48  4:12  Drone  
  49  4:20  Drone  
  49  4:21  Drone x3  
  54  4:24  Drone  
  54  4:27  Lair, Extractor  
  54  4:32  Evolution Chamber  
  54  4:33  Drone x2  
  54  4:34  Evolution Chamber  
  54  4:37  Overlord  
  54  4:42  Queen  
  58  4:45  Roach  
  58  4:50  Overlord  
  58  4:56  Roach  
  58  4:57  Roach x2  
  64  5:00  Roach  
  64  5:06  Zerg Ground Armor Level 1, Zerg Missile Weapons Level 1  
  66  5:09  Drone x2  
  68  5:17  Roach x3  
  72  5:22  Ravager  
  72  5:26  Zergling x2  
  72  5:27  Overlord x2  
  74  5:34  Overlord  
  73  5:38  Glial Reconstitution  
  73  5:41  Zergling x4  
  73  5:46  Zergling x6  
  73  5:47  Zergling x10  
  79  5:53  Drone  
  79  5:54  Overlord  
  79  5:55  Drone x2  
  82  5:57  Drone x2  
  82  6:00  Overseer  
  82  6:04  Drone x2, Ravager x3  
  80  6:20  Drone x7  
  84  6:28  Drone x5  
  84  6:29  Drone  
  84  6:30  Drone x2  
  84  6:32  Drone x4  
  96  6:37  Infestation Pit  
  94  6:41  Roach x2  
  98  6:50  Overlord x3  
  98  6:53  Extractor x2  
  96  6:59  Overlord  
  96  7:01  Zerg Missile Weapons Level 2  
  96  7:02  Zerg Ground Armor Level 2  
  96  7:07  Roach  
  96  7:08  Hatchery  
  96  7:10  Roach x4  
  96  7:12  Roach  
  106  7:16  Roach x2  
  106  7:21  Roach  
  112  7:25  Infestor  
  112  7:29  Overlord  
  112  7:39  Infestor  
  112  7:41  Drone x5  
  110  7:52  Spore Crawler  
  107  8:05  Infestor  
  106  8:07  Roach x3  
  106  8:08  Zergling x10  
  120  8:15  Roach  
  120  8:16  Roach  
  122  8:20  Overlord  
  122  8:28  Queen  
  122  8:30  Roach  
  122  8:31  Roach x2  
  130  8:35  Overlord  
  130  8:36  Overlord  
  130  8:38  Hatchery  
  130  8:40  Overlord  
  129  8:44  Ravager x2  
  129  8:45  Hydralisk Den  
  129  8:46  Hatchery  
  129  8:47  Roach x2  
  133  8:53  Roach  
  135  8:57  Drone  
  135  9:00  Roach  
  135  9:02  Overseer  
  129  9:20  Drone x4  
  129  9:21  Drone  
  129  9:22  Roach x2  
  141  9:24  Hive  
  133  9:43  Spore Crawler  
  132  9:47  Drone x3  
  132  9:50  Hydralisk  
  132  9:51  Hydralisk x5, Muscular Augments  
  147  9:55  Hydralisk  
  147  9:57  Drone  
  147  9:59  Drone  
  151  10:04  Drone x2  
  134  10:29  Drone x6  
  134  10:30  Drone x3  
  143  10:36  Extractor  
  143  10:38  Zerg Ground Armor Level 3, Zerg Missile Weapons Level 3, Spire  
  143  10:39  Extractor  
  140  10:46  Viper  
  143  10:55  Spine Crawler  
  143  10:56  Drone x3  
  145  10:58  Viper, Spine Crawler  
  145  11:00  Spine Crawler  
  145  11:02  Spore Crawler  
  145  11:10  Roach x5  
  155  11:15  Drone x3  
  155  11:16  Drone  
  155  11:19  Viper  
  159  11:26  Drone x2  
  159  11:27  Spine Crawler  
  159  11:28  Drone x3  
  163  11:48  Roach x2  
  163  11:49  Roach x7  
  163  11:52  Greater Spire  
  179  12:05  Overlord x3  
  179  12:07  Overlord  
  179  12:10  Zergling x4  
  179  12:14  Overlord x2  
  181  12:28  Hatchery  
  180  12:38  Corruptor  
  180  12:39  Corruptor x7  
  196  12:53  Zergling x2  
  196  12:54  Zergling x2  
  196  12:55  Zergling x2  
  199  13:04  Hatchery  
  196  13:06  Overseer  
  196  13:16  Zerg Melee Weapons Level 1  
  192  13:35  Brood Lord x3  
  192  13:36  Brood Lord x2  
  194  13:45  Viper x4  
  194  13:48  Zergling x14  
  200  13:55  Roach x2  
  185  13:56  Roach x7  
  195  14:13  Overlord  
  195  14:14  Overlord  
  195  14:15  Overseer x2  
  149  14:26  Roach  
  149  14:27  Roach x17  
  149  14:30  Hatchery  
  182  14:36  Extractor  
  181  14:44  Hydralisk  
  181  14:45  Hydralisk x7  
  187  15:01  Roach x8  
  191  15:08  Overseer x2  
  189  15:19  Extractor  
  180  15:24  Extractor  
  180  15:25  Hatchery, Roach x9  
  192  15:41  Zerg Flyer Armor Level 1  
  190  15:43  Drone x3  
  190  15:44  Drone x3  
  190  15:47  Roach x2  
  190  15:49  Overseer  
  200  15:50  Zerg Melee Weapons Level 2  
  200  15:52  Adrenal Glands  
  183  16:18  Viper x2  
  138  16:26  Roach x14  
  166  16:35  Zergling x2  
  166  16:36  Ravager  
  166  16:37  Ravager x2  
  166  16:39  Zergling x12  
  176  16:46  Ravager  
  176  16:47  Ravager x2  
  179  16:49  Zergling x8  
  179  16:50  Zergling x2  
  184  17:00  Ravager x4  
  184  17:01  Queen  
  190  17:13  Roach x5  
  198  17:21  Ultralisk Cavern  
  196  17:31  Ravager x5, Extractor  
  196  17:33  Extractor  
  199  17:46  Drone x2  
  200  17:53  Spine Crawler  
  198  18:02  Drone x2  
  197  18:19  Hydralisk x4  
  177  18:44  Chitinous Plating  
  177  18:45  Zerg Melee Weapons Level 3  
  177  18:47  Ultralisk  
  177  18:48  Ultralisk x3  
  188  19:02  Ultralisk x2  
  198  19:22  Spore Crawler, Overseer  
  188  19:31  Drone x6, Hatchery  
  188  19:32  Drone x7  
  197  19:39  Drone  
  197  19:40  Drone  
  197  19:42  Drone  
  198  19:53  Zergling x4  
  198  19:57  Spore Crawler  
  198  19:59  Spine Crawler  
  198  20:00  Infestor  
  200  20:09  Pathogen Glands  
  200  20:28  Hatchery  
  196  20:57  Ravager  
  196  20:58  Ravager x2  
  199  21:09  Zergling x2  
  199  21:10  Zerg Flyer Weapons Level 1  
  184  21:48  Infestor x3  
  184  21:53  Corruptor x3  
  184  21:54  Corruptor x7  
  166  22:03  Infestor x2  
  166  22:05  Corruptor, Ultralisk x3  
  166  22:08  Zergling x20  
  198  22:29  Spine Crawler  
  195  22:33  Corruptor x2  
  193  22:52  Ultralisk  
  190  23:17  Corruptor, Ultralisk x2  
  190  23:18  Zergling x2  
  190  23:19  Zergling x42  
  164  23:24  Zergling x10  
  138  23:33  Zergling x12  
  141  23:39  Zergling x4  
  121  23:45  Zergling x6  
  124  23:53  Zergling x4  
  124  24:02  Zergling x8  
  108  24:09  Overseer  
  99  24:10  Overseer  
  99  24:22  Zergling x2, Ultralisk  
  106  24:25  Infestor  
  108  24:43  Infestor  
  107  24:49  Zergling x12  
  113  24:53  Infestor  
  113  24:55  Overseer  
Show
View Real Time Build Order
Export as new Build Order

EJK Terran - Winner!

Build Orders: Reaper Expand, Mech 

Get SALT Encoding   

  12  0:01  SCV  
  13  0:13  SCV  
  14  0:17  Supply Depot  
  14  0:25  SCV  
  15  0:39  SCV  
  15  0:40  Barracks  
  16  0:45  Refinery  
  16  0:51  SCV  
  17  1:03  SCV  
  18  1:15  SCV  
  19  1:27  Orbital Command  
  19  1:28  Reaper  
  20  1:40  Command Center  
  20  1:54  SCV  
  20  1:56  Supply Depot  
  20  1:57  Refinery  
  21  2:06  Marine, SCV  
  23  2:18  SCV  
  23  2:21  Factory  
  24  2:25  Barracks Reactor  
  24  2:31  SCV  
  25  2:44  Factory  
  25  2:48  SCV  
  26  2:53  Orbital Command  
  26  3:02  SCV  
  27  3:13  Hellion x2  
  27  3:14  Barracks Tech Lab  
  31  3:20  SCV x2  
  33  3:32  SCV  
  33  3:33  SCV  
  35  3:34  Hellion x2  
  35  3:39  Mag-Field Accelerator, Cyclone  
  42  3:45  SCV x2  
  43  3:50  Supply Depot  
  43  3:55  Supply Depot  
  43  3:56  Hellion  
  45  4:04  Hellion  
  46  4:17  Cyclone, Hellion, SCV  
  46  4:19  Supply Depot, SCV  
  53  4:32  Supply Depot, SCV  
  53  4:37  Command Center  
  54  4:40  Hellion, SCV  
  54  4:42  Hellion  
  59  4:47  SCV  
  59  4:51  Supply Depot  
  59  4:52  SCV  
  61  4:53  Cyclone  
  64  5:02  Refinery x2, SCV  
  64  5:04  SCV  
  66  5:08  Supply Depot  
  66  5:11  Barracks Reactor  
  66  5:13  Starport  
  66  5:14  SCV  
  66  5:20  Supply Depot, SCV  
  67  5:26  SCV  
  67  5:27  Supply Depot  
  68  5:31  Cyclone  
  68  5:32  SCV  
  68  5:35  Hellion  
  74  5:38  SCV  
  74  5:42  Liberator x2  
  75  5:47  SCV  
  72  5:50  SCV  
  73  5:57  Orbital Command  
  79  6:04  Supply Depot  
  79  6:08  Siege Tank  
  79  6:09  SCV x2  
  82  6:21  SCV  
  82  6:22  SCV  
  82  6:25  Liberator  
  78  6:29  Hellion x2  
  78  6:30  SCV  
  80  6:34  SCV x2  
  80  6:38  Liberator  
  79  6:40  Siege Tank  
  79  6:42  SCV  
  79  6:46  SCV x2  
  88  6:48  Supply Depot  
  88  6:49  Refinery  
  88  6:50  Refinery  
  88  6:57  Hellion x2  
  88  6:59  SCV  
  96  7:04  Supply Depot, SCV x2  
  98  7:12  Liberator, Siege Tank  
  98  7:14  Barracks Tech Lab  
  101  7:17  Factory  
  101  7:21  Liberator  
  101  7:25  SCV x2  
  101  7:28  Hellion x2  
  110  7:33  SCV  
  111  7:37  SCV  
  115  7:44  Siege Tank  
  118  7:59  Armory, SCV x3  
  118  8:00  Engineering Bay  
  121  8:05  Command Center  
  121  8:12  Hellion x2  
  122  8:15  Factory  
  122  8:16  Factory, SCV x3  
  122  8:24  Siege Tank x2  
  128  8:37  Medivac x2  
  132  8:43  Supply Depot  
  132  8:45  Supply Depot x3  
  132  8:51  Infernal Pre-Igniter  
  132  8:53  Terran Vehicle Weapons Level 1  
  132  8:56  Hellion x2  
  134  9:25  Sensor Tower  
  134  9:32  Sensor Tower  
  128  9:39  Viking  
  128  9:40  Viking  
  128  9:44  Barracks Tech Lab  
  128  9:45  Command Center  
  132  9:46  Command Center  
  132  9:48  Barracks  
  132  9:50  Barracks  
  132  9:51  Factory Tech Lab  
  132  9:52  Liberator x2, Factory Reactor  
  132  9:53  Armory, Terran Infantry Armor Level 1, Barracks  
  132  9:54  Planetary Fortress  
  132  9:55  Ghost Academy  
  132  9:59  Refinery  
  132  10:00  Refinery  
  132  10:07  Siege Tank  
  132  10:09  Siege Tank  
  142  10:15  Siege Tank  
  131  10:31  Ghost  
  131  10:32  Personal Cloaking  
  131  10:38  Liberator x2  
  131  10:40  Hellion x2  
  131  10:41  Terran Vehicle And Ship Armor Level 1, Hellion x2  
  139  10:42  Barracks Tech Lab  
  139  10:43  Supply Depot  
  139  10:45  Barracks Tech Lab  
  143  10:59  Orbital Command x2  
  143  11:18  Barracks Tech Lab, Ghost x3  
  137  11:20  Terran Ship Weapons Level 1  
  143  11:29  Missile Turret  
  143  11:30  Missile Turret  
  143  11:32  Missile Turret  
  143  11:38  Siege Tank x2  
  149  11:41  Siege Tank  
  149  11:46  Ghost, Command Center  
  149  11:47  Ghost  
  152  11:53  Liberator x2  
  156  11:57  Ghost x2  
  160  12:08  Missile Turret x3  
  160  12:09  Missile Turret  
  160  12:15  Ghost x2  
  170  12:26  Ghost  
  170  12:29  Terran Infantry Armor Level 2  
  172  12:49  Ghost  
  172  12:50  Ghost x2  
  170  12:54  Ghost  
  170  12:56  Hellion x6  
  184  12:59  Hellion  
  186  13:14  Missile Turret  
  186  13:16  Missile Turret  
  186  13:18  Missile Turret  
  186  13:21  Ghost x2  
  180  13:41  Cyclone x2  
  180  13:43  Cyclone  
  180  13:47  Hellion x2  
  188  13:48  Liberator  
  188  13:49  Liberator  
  145  14:30  Cyclone x2  
  145  14:31  Cyclone  
  154  14:40  Terran Ship Weapons Level 2, Terran Vehicle And Ship Armor Level 2  
  154  14:42  Hellion x2  
  150  14:47  Orbital Command  
  145  14:53  Orbital Command  
  138  15:12  SCV  
  135  15:21  Sensor Tower  
  135  15:26  Siege Tank x2  
  135  15:28  SCV x3  
  138  15:30  SCV  
  138  15:33  Starport Tech Lab  
  138  15:35  SCV  
  141  15:36  Refinery  
  141  15:39  Hellion x3  
  141  15:40  SCV x3  
  141  15:42  SCV  
  151  15:48  Missile Turret  
  152  15:50  SCV  
  152  15:52  SCV x3  
  152  15:54  SCV  
  156  15:58  Siege Tank  
  156  16:00  Refinery  
  156  16:02  Refinery, SCV  
  160  16:04  SCV x2  
  160  16:05  SCV  
  135  16:22  Refinery  
  135  16:24  Siege Tank  
  138  16:26  Factory Tech Lab  
  138  16:29  SCV  
  138  16:30  Starport, SCV x3  
  142  16:41  Missile Turret  
  142  16:43  Cyclone  
  142  16:44  Hellion x2  
  142  16:45  Hellion  
  151  16:56  Cyclone  
  151  16:57  SCV x3  
  151  16:58  SCV  
  158  17:13  Hellion  
  158  17:14  Hellion x4  
  168  17:35  Starport Reactor  
  168  17:39  Ghost x2  
  168  17:53  Banshee, Cloaking Field  
  162  18:23  Siege Tank x2  
  162  18:24  Cyclone  
  168  18:38  Hellion  
  168  18:39  Hellion x3  
  168  18:40  Liberator x2  
  158  18:55  Siege Tank  
  158  18:56  Banshee, Siege Tank x2  
  158  18:57  Command Center  
  158  19:00  Ghost x2  
  180  19:03  Ghost  
  172  19:33  Ghost  
  172  19:34  Ghost  
  172  19:35  Ghost x2  
  180  19:48  Cyclone x3  
  180  19:49  Terran Vehicle And Ship Armor Level 3  
  189  19:55  Terran Vehicle Weapons Level 2  
  189  19:56  Terran Infantry Armor Level 3  
  189  20:14  Command Center  
  189  20:15  Refinery  
  189  20:21  Ghost x2  
  190  21:10  Cyclone x3  
  197  21:22  Command Center  
  157  22:02  Ghost, Cyclone x3  
  157  22:03  Ghost x3  
  157  22:05  Hellion x4  
  182  22:21  Orbital Command  
  182  22:34  Terran Ship Weapons Level 3  
  182  22:35  Terran Vehicle Weapons Level 3  
  182  22:36  Terran Infantry Weapons Level 1  
  182  22:42  Refinery  
  179  22:54  Viking  
  179  22:55  Viking  
  147  23:20  Cyclone x3  
  149  23:41  Refinery  
  149  23:42  Refinery  
  149  23:51  Hellion x4  
  149  23:52  Cyclone x3  
  134  24:12  Hellion x2  
  134  24:13  Planetary Fortress, Hellion x2  
  134  24:16  Liberator x2  
  139  24:24  Hellion x3  
  145  24:34  Hellion x4  
  159  24:39  Sensor Tower  
  159  24:46  Hellion x3  
  165  24:55  Hellion x4  
  169  25:02  Orbital Command  
Tags
 
Add a new tag
Caveats
  • Supply blocks, unpowered buildings, or Contaminate may cause inaccurate times.
  • Supply counts are checked every 10 seconds.